 Dungeon Crawl Stone Soup version 0.26.1-2-gb8aa6d0cf2 (webtiles) character file.

Game seed: 16829064633669618260

122592 hoesters the Eclecticist (level 16, -15/137 HPs)
             Began as a Black Draconian Fire Elementalist on Feb 20, 2021.
             Was a High Priest of Vehumet.
             Demolished by Rupert
             ... wielding a +6 triple sword of electrocution
              (50 damage)
             ... on level 15 of the Dungeon on Mar 6, 2021.
             The game lasted 04:47:51 (45264 turns).

hoesters the Eclecticist (DrFE)                    Turns: 45264, Time: 04:47:52

Health: -15/137    AC: 17    Str: 12    XL:     16   Next: 35%
Magic:  0/44       EV: 15    Int: 20    God:    Vehumet [*****.]
Gold:   894        SH:  0    Dex: 16    Spells: 17/45 levels left

rFire    + . .     SeeInvis .   v - staff of fire
rCold    + . .     Faith    .   (no shield)
rNeg     . . .     Spirit   +   (armour unavailable)
rPois    +         Reflect  .   B - +1 hat {Will+}
rElec    +         Harm     .   k - +1 cloak {rC+}
rCorr    .         Rampage  .   Q - +1 pair of gloves {Dex+3}
Will     ++...                  U - +2 pair of boots
Stlth    +++.......             S - amulet of guardian spirit
HPRegen  0.32/turn              c - ring of magical power
MPRegen  0.29/turn              R - ring of poison resistance

@: short of breath, flying
A: breathe lightning, unfitting armour, big wings, electricity resistance,
cold-blooded, AC +9
a: Breathe Lightning, Stop Flying, Renounce Religion


You were on level 15 of the Dungeon.
You worshipped Vehumet.
Vehumet was extremely pleased with you.
You visited 5 branches of the dungeon, and saw 24 of its levels.
You also visited: Sewer and Ice Cave.

You collected 2022 gold pieces.
You spent 1128 gold pieces at shops.

Inventory:

Hand Weapons
 m - a +3 short sword of flaming
 w - a +2 dagger of holy wrath
 x - a +0 vorpal flail
 G - a +2 whip of flaming
Armour
 k - a +1 cloak of cold resistance (worn)
 B - a +1 hat of willpower (worn)
 K - a +2 kite shield
 Q - a +1 pair of gloves of dexterity (worn)
 U - a +2 pair of boots (worn)
Magical Staves
 v - an uncursed staff of fire (weapon)
Jewellery
 a - an uncursed ring of protection from cold
 b - an uncursed ring of resist corrosion
 c - a ring of magical power (left hand)
 q - an uncursed ring of see invisible
 D - an uncursed ring of fire
 E - an uncursed ring of protection from fire
 I - an uncursed amulet of magic regeneration
 R - a ring of poison resistance (right hand)
 S - an amulet of guardian spirit (around neck)
 T - an uncursed ring of willpower
 Y - an uncursed ring of protection from fire
Wands
 j - a wand of iceblast (22)
 n - a wand of disintegration (9)
 p - a wand of polymorph (15)
 t - a wand of enslavement (12)
 W - a wand of paralysis (16)
Scrolls
 e - 6 scrolls of magic mapping
 f - 5 scrolls of fog
 h - 8 scrolls of teleportation
 l - 2 scrolls of torment {unknown}
 r - 3 scrolls of identify
 u - 4 scrolls of enchant armour
 y - 5 scrolls of fear
 z - 2 scrolls of blinking
 J - 3 scrolls of immolation
 N - a scroll of remove curse
 O - 4 scrolls of enchant weapon
 P - 3 scrolls of amnesia
Potions
 d - 8 potions of lignification
 g - 7 potions of heal wounds
 i - a potion of ambrosia
 o - a potion of berserk rage
 s - 2 potions of invisibility
 C - a potion of haste
 F - 11 potions of curing
 H - 2 potions of attraction
 L - 9 potions of might
 M - 3 potions of resistance
 V - a potion of cancellation
 X - a potion of brilliance


   Skills:
 - Level 11.0 Fighting
 - Level 5.0 Dodging
 - Level 6.0 Stealth
 - Level 15.2 Spellcasting
 + Level 12.5 Conjurations
 - Level 4.0 Hexes
 - Level 5.0 Translocations
 - Level 8.0 Fire Magic
 - Level 14.0 Air Magic
 - Level 5.0 Earth Magic
 - Level 5.0 Evocations


You had 17 spell levels left.
You knew the following spells:

 Your Spells              Type           Power        Failure   Level
a - Foxfire               Conj/Fire      100%         1%          1
b - Fireball              Conj/Fire      35%          1%          5
c - Lightning Bolt        Conj/Air       31%          1%          5
d - Swiftness             Air            63%          1%          2
e - Blink                 Tloc           N/A          1%          2
f - Inner Flame           Hex/Fire       56%          1%          3
g - Bolt of Magma         Conj/Fire/Erth 32%          1%          5
h - Lee's Rapid Deconstr  Erth           17%          4%          5

Your spell library contained the following spells:

 Spells                   Type           Power        Failure   Level
 Starburst                Conj/Fire      35%          2%          6
 Shock                    Conj/Air       100%         0%          1
 Apportation              Tloc           70%          1%          1
 Corona                   Hex            34%          1%          1
 Sandblast                Erth           70%          1%          1
 Conjure Flame            Conj/Fire      71%          1%          3
 Dazzling Flash           Conj/Hex       96%          1%          3
 Gell's Gravitas          Tloc           17%          1%          3
 Lesser Beckoning         Tloc           17%          1%          3
 Static Discharge         Conj/Air       62%          1%          3
 Stone Arrow              Conj/Erth      100%         1%          3
 Teleport Other           Tloc           35%          1%          3
 Airstrike                Air            31%          1%          4
 Sticky Flame             Conj/Fire      71%          1%          4
 Ensorcelled Hibernation  Hex/Ice        46%          2%          2
 Passwall                 Tmut/Erth      20%          2%          2
 Confusing Touch          Hex            31%          2%          3
 Tukima's Dance           Hex            31%          2%          3
 Passage of Golubria      Tloc           N/A          5%          4
 Petrify                  Tmut/Erth      25%          14%         4
 Alistair's Intoxication  Tmut/Pois      10%          75%         5
 Invisibility             Hex            31%          77%         6


Dungeon Overview and Level Annotations

Branches:
Dungeon (15/15)            Temple (1/1) D:5            Lair (6/6) D:8
  Swamp (1/4) Lair:3        Snake (0/4) Lair:3        Slime (1/5) Lair:6
    Orc (0/2) D:10         Vaults (0/5) D:14          Sewer (visited)
  IceCv (visited)
 Depths: D:15

Altars:
Ashenzari
Cheibriados
Dithmenos
Elyvilon
Fedhas
Gozag
Hepliaklqana
Kikubaaqudgha
Makhleb
Nemelex Xobeh
Okawaru
Qazlal
Ru
Sif Muna
Trog
Uskayaw
Vehumet
Wu Jian
Xom
Yredelemnul
Zin
The Shining One

Shops:
D:6 ?!   D:9 (   D:13 *[

Portals:
Abyss: D:13

Annotations:
D:6 4 runed translucent doors
D:13 2 transporters, Mebb's ghost, journeyman SpEn
D:14 Roxanne
D:15 Rupert


Innate Abilities, Weirdness & Mutations

You can breathe wild blasts of lightning.
Your glossy black scales are hard. (AC +9)
You cannot fit into any form of body armour.
Your large and strong wings let you fly indefinitely.
You are resistant to electric shocks. (rElec)
You are cold-blooded and may be slowed by cold attacks.


Message History

Rupert barely misses you.
Casting: Bolt of Magma (mildly dangerous; 1% risk of failure)
Confirm with . or Enter, or press ? or * to list all spells.
Aiming: Bolt of Magma (mildly dangerous; 1% risk of failure)
Press: ? - help, Shift-Dir - straight line, f/p - Rupert
Aim: Rupert, wielding a +6 triple sword of electrocution and wearing a +2 ring mail of willpower (almost dead, berserk, 25% to evade)
You feel a surge of power!
The bolt of magma hits Rupert!
Rupert is almost dead.
Rupert hits you with a +6 triple sword of electrocution!!
Okay, then.
You breathe a wild blast of lightning!
The orb of electricity explodes!
The orb of electricity engulfs you! You resist.
* * * LOW HITPOINT WARNING * * *
The orb of electricity engulfs Rupert.
Rupert is almost dead.
You hear a mighty clap of thunder!
The bolt of lightning misses you.
You hear a clap of thunder!
You hear an angry buzzing noise.
You hear a shout! x3
Rupert hits you with a +6 triple sword of electrocution!!!
You die...

#####...##.......######
#####................#
#...........##.......#
#...........##..(....#
#..#.....##.##.(.....# #
#..#....#...##)(.##### ###.
##..#..#....##(### #####...
#...###...[##[# #...[...
#....###....@.# #.......
#....#.(#..@### ######(......
#...#....#(######(.....@.....
#.##.....#......[@####.......
#...........####### ########
##....####### #....# #....
#####


You could see Rupert (berserk).

Vanquished Creatures
  Gastronok (D:11)
  Frances (D:14)
  A frost giant (IceCv)
  Louise (D:15)
  Nessos (D:15)
  Josephine (D:11)
  Snorg (Lair:4)
  A fire dragon (Lair:6)
  4 hydras
  2 ice dragons
  4 boulder beetles
  8 vault guards
  2 catoblepae
  3 ogre magi
  The ghost of kthxbai the Grappler, a novice TrTm of Wu Jian (D:10)
  2 death knights
  13 two-headed ogres
  5 death yaks (Lair:4)
  2 tengu warriors
  4 centaur warriors
  Urug (Lair:4)
  A fire crab (Lair:6)
  A skeletal warrior (D:14)
  A goliath frog (Swamp:1)
  A swamp dragon (Lair:6)
  Pikel (D:7)
  4 deep elf magi
  4 oklob plants (Lair:4)
  A wolf spider zombie (D:14)
  A phantasmal warrior (D:14)
  An orc knight (D:14)
  5 cyclopes
  4 manticores
  2 ugly things (D:13)
  6 elephants (Lair:3)
  2 wolf spiders
  A guardian serpent (Lair:6)
  4 gargoyles
  3 ice statues (IceCv)
  12 black mambas
  17 cane toads
  Psyche (D:7)
  An efreet (D:14)
  7 rime drakes
  12 komodo dragons
  A kobold demonologist (D:12)
  4 freezing wraiths
  7 trolls
  14 polar bears
  2 tengu conjurers (D:15)
  4 hornets
  31 blink frogs
  A meliai zombie (D:14)
  19 slime creatures
  A dream sheep (Lair:4)
  A redback (Lair:5)
  A centaur simulacrum (D:14)
  3 spriggans (D:10)
  A shadow (D:13)
  15 wyverns
  6 wraiths
  53 yaks
  2 water elementals
  11 basilisks
  4 steam dragons
  8 vampire mosquitoes
  A warg (D:15)
  3 nagas (Lair:3)
  3 acid dragons
  2 soldier ants
  24 water moccasins
  Purgy (Sewer)
  7 orc warriors
  2 swamp drakes
  6 sky beasts
  3 eyes of draining
  6 ice beasts
  2 black bears
  5 phantoms
  7 ogres
  24 wolves
  17 centaurs
  A lemure (D:7)
  5 big kobolds
  A gnoll sergeant (D:10)
  24 bullfrogs
  2 wyvern zombies
  A water moccasin zombie (D:8)
  A wyvern skeleton (D:14)
  4 scorpions
  A water moccasin skeleton (D:5)
  17 killer bees
  33 wights
  6 howler monkeys
  2 quasits
  An electric eel (D:14)
  15 jellies
  A centaur zombie (D:6)
  4 centaur skeletons
  14 orc priests
  8 hounds
  17 orc wizards
  4 bullfrog skeletons
  6 iguanas
  7 hell rats (Lair:2)
  14 worker ants
  A killer bee zombie (D:9)
  A hound skeleton (D:6)
  2 worker ant zombies
  14 adders
  6 gnolls
  2 howler monkey skeletons
  A river rat (D:4)
  2 shadow imps (D:5)
  6 white imps
  4 ufetubi
  5 oozes
  An adder zombie (D:9)
  An adder skeleton (D:7)
  4 dart slugs
  7 leopard geckos
  74 orcs
  5 bats
  14 giant cockroaches
  8 goblins
  7 hobgoblins
  12 jackals
  12 quokkas
  3 ball pythons
  A ball python zombie (D:6)
  5 frilled lizards
  2 jackal skeletons
  A jackal zombie (D:7)
  22 kobolds
  A leopard gecko skeleton (D:3)
  2 quokka skeletons
  3 quokka zombies
  5 rats
  A bush (Lair:6)
  A foxfire (D:12)
879 creatures vanquished.

Vanquished Creatures (collateral kills)
  8 foxfires
8 creatures vanquished.

Vanquished Creatures (others)
  A polar bear (IceCv)
  2620 foxfires
  72 fungi
  107 plants
2800 creatures vanquished.

Grand Total: 3687 creatures vanquished

Notes
Turn   | Place    | Note
-------+----------+-------------------------------------------
     0 | D:1      | hoesters the Draconian Fire Elementalist began the quest
                  | for the Orb.
     0 | D:1      | Reached XP level 1. HP: 14/14 MP: 3/3
   286 | D:1      | Reached XP level 2. HP: 20/20 MP: 0/5
   864 | D:1      | You fall into a shaft and drop 1 floor!
  1353 | D:2      | Reached XP level 3. HP: 26/26 MP: 2/6
  1555 | D:2      | Found a stormy altar of Qazlal.
  1905 | D:2      | Reached XP level 4. HP: 33/33 MP: 3/8
  2283 | D:3      | Reached skill level 3 in Spellcasting
  2682 | D:3      | Reached XP level 5. HP: 37/38 MP: 1/9
  2688 | D:3      | Learned a level 5 spell: Fireball
  3173 | D:3      | Found a basalt altar of Yredelemnul.
  3754 | D:4      | Reached XP level 6. HP: 45/45 MP: 4/11
  3931 | D:4      | Reached skill level 4 in Spellcasting
  3931 | D:4      | Reached skill level 5 in Fire Magic
  4112 | D:4      | Your scales start taking on a glossy black colour.
  4112 | D:4      | Reached XP level 7. HP: 50/50 MP: 8/13
  4112 | D:4      | Gained mutation: You are resistant to electric shocks.
                  | (rElec) [Black Draconian growth]
  4245 | D:4      | Found a glowing drain.
  4257 | Sewer    | Entered a sewer
  4396 | Sewer    | Noticed Purgy
  4405 | Sewer    | Killed Purgy
  4770 | D:5      | Entered Level 5 of the Dungeon
  4918 | D:5      | Learned a level 5 spell: Lightning Bolt
  4921 | D:5      | Learned a level 2 spell: Swiftness
  4977 | D:5      | Reached skill level 5 in Conjurations
  5023 | D:5      | Reached skill level 5 in Spellcasting
  5081 | D:5      | Reached XP level 8. HP: 57/57 MP: 9/15
  5395 | D:5      | Reached skill level 5 in Air Magic
  5658 | D:5      | Found a staircase to the Ecumenical Temple.
  6184 | D:6      | Found a large runed translucent door.
  6184 | D:6      | Found a large runed translucent door.
  6191 | D:6      | Noticed a cyclops
  6199 | D:6      | Found a large runed translucent door.
  6199 | D:6      | Found a large runed translucent door.
  6276 | D:6      | Found Fesissie's Distillery.
  6649 | D:6      | Reached XP level 9. HP: 60/61 MP: 10/16
  6691 | D:6      | Found Sifiem's Magic Scroll Emporium.
  6699 | D:6      | Bought a scroll of fear for 38 gold pieces
  6699 | D:6      | Bought a scroll of blinking for 82 gold pieces
  6770 | D:6      | Noticed a two-headed ogre
  6807 | D:5      | Killed a two-headed ogre
  6808 | D:5      | Reached skill level 10 in Air Magic
  7041 | D:6      | Noticed a cyan ugly thing
  7051 | D:6      | HP: 3/62 [cyan ugly thing (4)]
  7684 | Temple   | Entered the Ecumenical Temple
  7933 | Temple   | Became a worshipper of Vehumet
  8683 | D:6      | Bought a potion of degeneration for 12 gold pieces
  8683 | D:6      | Bought a potion of flight for 36 gold pieces
  8683 | D:6      | Bought a potion of heal wounds for 60 gold pieces
  9070 | D:7      | Noticed Pikel
  9073 | D:7      | Killed Pikel
  9855 | D:8      | Found a staircase to the Lair.
  9882 | D:8      | Reached XP level 10. HP: 62/69 MP: 0/17
 10034 | D:8      | Noticed a two-headed ogre
 10061 | D:8      | Killed a two-headed ogre
 10070 | D:8      | Noticed Psyche
 10162 | D:7      | Killed Psyche
 10371 | D:8      | Reached * piety under Vehumet
 10371 | D:8      | Offered knowledge of Magic Dart by Vehumet.
 11616 | Lair:1   | Entered Level 1 of the Lair of Beasts
 11625 | Lair:1   | Noticed a cane toad
 11644 | D:8      | Killed a cane toad
 12357 | D:10     | Entered Level 10 of the Dungeon
 12382 | D:9      | Reached skill level 10 in Conjurations
 12519 | D:8      | Reached skill level 1 in Fighting
 13033 | D:8      | Offered knowledge of Freeze by Vehumet.
 13397 | D:9      | Reached ** piety under Vehumet
 13403 | D:9      | Learned a level 2 spell: Blink
 13879 | D:9      | Reached skill level 1 in Translocations
 14410 | D:9      | Reached XP level 11. HP: 76/80 MP: 8/19
 14601 | D:9      | Found Uweseze's Weapon Shoppe.
 15770 | D:10     | Offered knowledge of Ignite Poison by Vehumet.
 16535 | D:10     | Reached skill level 6 in Spellcasting
 16859 | D:10     | Found a runed translucent door.
 16862 | D:10     | Noticed kthxbai's ghost (novice TrTm)
 16862 | D:10     | Identified the +10 spear "Ticvotwe" {vorpal, Dex+2}
 17081 | D:10     | Reached *** piety under Vehumet
 17994 | D:11     | Offered knowledge of Fulminant Prism by Vehumet.
 18104 | D:11     | You fall into a shaft and drop 3 floors!
 18105 | D:14     | Noticed a boulder beetle
 18137 | D:13     | Found Nigol's Antique Armour Shoppe.
 18145 | D:13     | Found Cieggidu's General Store.
 18147 | D:13     | Found a burning altar of Makhleb.
 18168 | D:13     | Found an iron altar of Okawaru.
 18284 | D:12     | Reached skill level 7 in Spellcasting
 18343 | D:12     | Noticed a deep elf mage
 18480 | D:12     | Killed a deep elf mage
 18481 | D:12     | Reached skill level 5 in Fighting
 18537 | D:12     | Found a frozen archway.
 18543 | IceCv    | Entered an ice cave
 18545 | IceCv    | Reached **** piety under Vehumet
 18546 | IceCv    | Reached skill level 8 in Spellcasting
 18554 | IceCv    | Offered knowledge of Bolt of Magma by Vehumet.
 18762 | IceCv    | Learned a level 3 spell: Inner Flame
 18768 | IceCv    | Learned a level 5 spell: Bolt of Magma
 19043 | IceCv    | Reached skill level 9 in Spellcasting
 19839 | IceCv    | Reached XP level 12. HP: 94/94 MP: 19/25
 20089 | IceCv    | Reached skill level 10 in Spellcasting
 20268 | IceCv    | Noticed a frost giant
 20307 | IceCv    | Reached skill level 1 in Hexes
 20308 | IceCv    | Killed a frost giant
 20309 | IceCv    | Reached skill level 1 in Earth Magic
 21321 | D:11     | Noticed Gastronok
 21335 | D:11     | Killed Gastronok
 21335 | D:11     | Reached ***** piety under Vehumet
 21335 | D:11     | Offered knowledge of Iron Shot by Vehumet.
 21596 | D:11     | Noticed Josephine
 21602 | D:11     | Killed Josephine
 22478 | D:12     | Noticed an ogre mage
 22478 | D:12     | Noticed a two-headed ogre
 22478 | D:12     | Noticed a two-headed ogre
 22478 | D:12     | Noticed a two-headed ogre
 22478 | D:12     | Noticed a two-headed ogre
 22479 | D:12     | Noticed a two-headed ogre
 22479 | D:12     | Noticed a two-headed ogre
 22481 | D:12     | Killed a two-headed ogre
 22481 | D:12     | Killed a two-headed ogre
 22482 | D:12     | Reached skill level 11 in Spellcasting
 22482 | D:12     | Killed an ogre mage
 22483 | D:12     | Reached XP level 13. HP: 100/100 MP: 23/28
 22488 | D:12     | Reached skill level 5 in Dodging
 23584 | D:13     | Reached skill level 5 in Stealth
 24923 | D:13     | Found a one-way gate to the infinite horrors of the Abyss.
 24923 | D:13     | Noticed Mebb's ghost (journeyman SpEn)
 25272 | D:13     | Reached skill level 12 in Spellcasting
 25552 | D:13     | Identified the +3 spear "Possotys" {distort, rC- rN+ Will+
                  | SInv}
 25562 | D:13     | Found a transporter.
 25562 | D:13     | Found a transporter.
 25586 | D:13     | Reached skill level 1 in Evocations
 25655 | D:13     | Noticed a brown very ugly thing
 26083 | D:14     | Noticed Frances
 26085 | D:14     | Offered knowledge of Conjure Ball Lightning by Vehumet.
 26574 | D:13     | Gained mutation: Your large and strong wings let you fly
                  | indefinitely. [Black Draconian growth]
 26574 | D:13     | Reached XP level 14. HP: 98/108 MP: 24/30
 27474 | D:14     | Found a gate to the Vaults.
 29289 | Lair:2   | Offered knowledge of Spellforged Servitor by Vehumet.
 30120 | Lair:3   | Found a staircase to the Snake Pit.
 30524 | Lair:3   | Reached skill level 5 in Earth Magic
 30663 | Lair:3   | Reached skill level 13 in Spellcasting
 30724 | Lair:3   | Found a staircase to the Swamp.
 32025 | Lair:4   | Reached XP level 15. HP: 94/121 MP: 23/32
 32417 | Lair:4   | Noticed Snorg
 32421 | Lair:4   | Noticed Urug
 32429 | Lair:4   | Killed Urug
 32492 | Lair:4   | Killed Snorg
 32711 | Lair:4   | Reached skill level 5 in Evocations
 34042 | Lair:5   | Offered knowledge of Freezing Cloud by Vehumet.
 34857 | Lair:6   | Entered Level 6 of the Lair of Beasts
 35809 | Lair:6   | Reached skill level 14 in Spellcasting
 35971 | Lair:6   | Reached skill level 10 in Fighting
 37783 | Lair:6   | Found a staircase to the Slime Pits.
 38312 | Lair:6   | Offered knowledge of Irradiate by Vehumet.
 39881 | Swamp:1  | Entered Level 1 of the Swamp
 40112 | Slime:1  | Entered Level 1 of the Pits of Slime
 40259 | D:8      | Learned a level 5 spell: Lee's Rapid Deconstruction
 40337 | D:10     | Identified the cursed +1 animal skin "Xezy" {+Inv rPois
                  | rCorr Slay-5}
 40680 | D:10     | Found a staircase to the Orcish Mines.
 40772 | D:10     | Killed kthxbai's ghost
 41094 | D:13     | Bought a pair of embroidered boots for 225 gold pieces
 41094 | D:13     | Bought a pair of embroidered gloves for 225 gold pieces
 41118 | D:13     | Bought a pair of embroidered gloves for 225 gold pieces
 41118 | D:13     | Bought a pair of runed gloves for 225 gold pieces
 41612 | D:14     | Reached skill level 15 in Spellcasting
 42584 | D:14     | Reached skill level 5 in Translocations
 42584 | D:14     | Reached XP level 16. HP: 114/137 MP: 6/35
 42745 | D:14     | Found a blossoming altar of Fedhas.
 42926 | D:14     | Noticed Roxanne
 43760 | D:14     | Killed Frances
 43904 | D:15     | Entered Level 15 of the Dungeon
 43904 | D:15     | Noticed Rupert
 43904 | D:15     | Noticed Nessos
 43907 | D:15     | Killed Nessos
 44051 | D:15     | Offered knowledge of Starburst by Vehumet.
 44402 | D:15     | Noticed Louise
 44894 | D:15     | Killed Louise
 45264 | D:15     | Demolished by Rupert

Illustrated notes

Levels and vault maps discovered:
D:1:      dpeg_arrival_yet_another_circle, layout_basic
D:2:      layout_loops_cross, grunt_qazlal_sundering
D:3:      layout_rooms, lemuel_crystal_altar
D:4:      layout_gridville, portal_sewer_entry_a
D:5:      layout_rooms, minmay_temple_entry_slanted, minmay_pentangle
D:6:      layout_basic, serial_shops, nicolae_shop_waterfront, shop,
          chequers_ossuary_entry_cave, minmay_hollow_rounded_squares
D:7:      layout_loops_ring, uniq_pikel
D:8:      layout_basic, lair_entry_dummy, kennysheep_generic_room_10,
          uniq_psyche
D:9:      layout_roguey, serial_shops, kennysheep_mini_moat,
          minmay_misc_feat_cross, minmay_fractal_squares_gapless_5
D:10:     layout_small_grid, erik_orc_1, ebering_ghost_funeral_grove,
          minmay_misc_feat_rugged, chequers_serial_rivers_micro_e,
          hangedman_decor_opposing
D:11:     layout_stronghold, uniq_gastronok, uniq_josephine
D:12:     layout_grid_maze, portal_ice_cave_rime, chequers_garden,
          kennysheep_donut
D:13:     layout_basic, gammafunk_ghost_abyssal_escape, basic_altar,
          serial_shops, shop, shop, okawaru_ov_weapons_minmay
D:14:     minmay_triangles_in_corner, layout_basic, erik_vaults_2,
          fedhas_altar_2, uniq_frances, uniq_roxanne
D:15:     grunt_enter_depths_hoard, layout_rooms, minmay_misc_feat_chi,
          uniq_rupert, uniq_louise, uniq_nessos
Temple:   nicolae_temple_the_god_donut
Lair:1:   dragon1_lemuel, layout_long_grid, chequers_serial_rivers_micro_a,
          minmay_shattered_shrine
Lair:2:   layout_roguey
Lair:3:   layout_gridlike, swamp_mist, guppyfry_snake_entry_island,
          cheibrodos_lair_caveside_slide, serial_bayou_crossing
Lair:4:   layout_cave_pods, lookout_lair_type, grunt_megastairs_1,
          minmay_lair_oklob_chamber, uniq_snorg, uniq_urug
Lair:5:   layout_layer_cave, kennysheep_basilisk_garden
Lair:6:   hangedman_lair_tendril_chambers, layout_layer_cave,
          guppyfry_lair_end_dragon, minmay_slime_entry_jelly_boxes, minivault_24
Swamp:1:  layout_falls_marsh, gammafunk_ghost_cemetery,
          evilmike_swamp_ruin_house_1, swamp_pool5
Slime:1:  cheibrodos_slime_lost_civilization_2, layout_caves

Skill      XL: |  1  2  3  4  5  6  7  8  9 10 11 12 13 14 15 16 |
---------------+-------------------------------------------------+-----
Conjurations   | 2 3 4 5 8 10 11 12 | 12.5
Spellcasting   | 3 4 5 9 11 12 13 15 | 15.2
Fire Magic     | 4 5 6 8 |  8.0
Air Magic      | 3 8 10 12 14 | 14.0
Dodging        | 2 4 5 |  5.0
Stealth        | 2 3 5 6 |  6.0
Fighting       | 2 5 8 11 | 11.0
Translocations | 1 3 4 5 |  5.0
Hexes          | 3 4 |  4.0
Earth Magic    | 3 5 |  5.0
Evocations     | 2 4 5 |  5.0

Action                   |  1- 3 |  4- 6 |  7- 9 | 10-12 | 13-15 | 16-18 || total
-------------------------+-------+-------+-------+-------+-------+-------++-------
Melee: Unarmed           |    17 |       |       |       |       |       ||    17
       Tailslap          |     2 |     2 |     7 |     9 |     4 |       ||    24
       Short sword       |     2 |    17 |       |    19 |       |       ||    38
       Staff             |       |       |    42 |    45 |    21 |     2 ||   110
 Cast: Foxfire           |    59 |   143 |   307 |   726 |   367 |    13 ||  1615
       Lightning Bolt    |       |       |     8 |    79 |   386 |    51 ||   524
       Swiftness         |       |       |     2 |     7 |     6 |       ||    15
       Fireball          |       |       |       |    31 |   143 |     2 ||   176
       Bolt of Magma     |       |       |       |    45 |   112 |    40 ||   197
       Blink             |       |       |       |     3 |    10 |       ||    13
       Inner Flame       |       |       |       |       |     3 |       ||     3
       Lee's Rapid Decon |       |       |       |       |     2 |       ||     2
 Abil: Breathe Lightning |       |       |     1 |       |     1 |     2 ||     4
       Fly               |       |       |       |       |     1 |       ||     1
Evoke: Wand              |       |       |       |     1 |       |       ||     1
  Use: Scroll            |       |     1 |     4 |    19 |    10 |       ||    34
       Potion            |       |       |       |     3 |       |       ||     3
 Stab: Sleeping          |     1 |       |     2 |       |       |       ||     3
Armor: Skin              |    13 |    17 |    40 |   135 |    84 |    10 ||   299
Dodge: Dodged            |    27 |    45 |    84 |   250 |   244 |    51 ||   701
